 Dungeon Crawl Stone Soup version 0.29-a0-392-g297d3b089c (webtiles) character file.

Game seed: 5977755761009440445

504 avis the Ruffian (level 7, 0/97 (106) HPs)
             Began as an Ogre Transmuter on May 8, 2022.
             Slain by a wight
             ... wielding a +1 hand axe
              (8 damage)
             ... on level 7 of the Dungeon.
             The game lasted 00:23:43 (5296 turns).

avis the Ruffian (Ogre Transmuter)                  Turns: 5296, Time: 00:23:43

HP:   0/97 (106)    AC: 23    Str: 15    XL:     7   Next: 17%
MP:   4/11          EV:  1    Int: 16    God:
Gold: 56            SH:  0    Dex:  9    Spells: 4/12 levels left

rFire   . . .      SeeInvis .     - Unarmed
rCold   . . .      Faith    .   (no shield)
rNeg    . . .      Spirit   .   (body armour currently unavailable)
rPois   +          Reflect  .   (helmet currently unavailable)
rElec   .          Harm     .   (cloak currently unavailable)
rCorr   .          Rampage  .   (gloves unavailable)
Will    .....      NoTele   +   (boots unavailable)
Stlth   +.........              (no amulet)
HPRegen 0.26/turn               (no ring)
MPRegen 0.12/turn               (no ring)

@: tree-form, very slightly contaminated, drained
A: stationary, stasis, torment immunity, boosted hp, large, unfitting armour,
(tough skin 1)
a: no special abilities


You were on level 7 of the Dungeon.
You were a tree.
You visited 1 branch of the dungeon, and saw 6 of its levels.

You collected 174 gold pieces.
You spent 118 gold pieces at shops.

Inventory:

Hand Weapons
 b - a +0 arbalest
 h - a +2 dagger of holy wrath
 u - a +0 dire flail
 y - a +0 hunting sling
Missiles
 i - 183 stones
 j - 5 large rocks
Armour
 v - a +0 cloak (melded)
 w - a +2 robe of willpower (melded)
Magical Staves
 a - a staff of poison
Scrolls
 d - 2 scrolls of immolation {unknown}
 f - 2 scrolls of poison {unknown}
 k - 2 scrolls of amnesia {unknown}
 l - a scroll of teleportation {unknown}
 m - 5 scrolls of identify {unknown}
Potions
 c - 4 potions of curing {unknown}
 e - a potion of attraction {unknown}
 g - a potion of degeneration {unknown}
 n - a potion of mutation {unknown}
 o - 3 potions of haste {unknown}
 p - a potion of invisibility {unknown}
 q - 2 potions of cancellation {unknown}
 r - a potion of ambrosia {unknown}
 s - a potion of magic {unknown}
 t - a potion of lignification
 x - a potion of berserk rage {unknown}


   Skills:
 + Level 4.9 Fighting
 - Level 2.0 Throwing
 - Level 1.7 Dodging
 * Level 5.5 Unarmed Combat
 - Level 3.0 Spellcasting
 + Level 2.4 Transmutations


You had 4 spell levels left.
You knew the following spells:

 Your Spells              Type           Power      Damage    Failure   Level
a - Beastly Appendage     Tmut           20%        N/A       7%          1
p - Spider Form           Tmut/Pois      6%         N/A       34%         3
q - Ice Form              Ice/Tmut       6%         N/A       75%         4

Your spell library contained the following spells:

 Spells                   Type           Power      Damage    Failure   Level
 Wereblood                Tmut           10%        N/A       11%         2


Dungeon Overview and Level Annotations

Branches:
Dungeon (5/15)             Temple (0/1) D:7

Altars:

Shops:
D:2 [   D:3 *


Innate Abilities, Weirdness & Mutations

You are a tree.
Your roots penetrate the ground, keeping you stationary.
You cannot be teleported.
You are immune to unholy pain and torment.
Your maximum health is greatly increased.
Your equipment is partially melded.
You are too large for most types of armour.
((You have tough skin. (AC +1)))


Message History

The wight closely misses you.
You closely miss the wight. You claw the wight, but do no damage.
The wight is almost destroyed.
The wight hits you with a +0 spear.
You feel drained.
You barely miss the wight.
The wight is almost destroyed.
The wight hits you with a +0 spear.
You feel drained. The wight hits you with a +1 hand axe!
You feel drained.
You hit the wight but do no damage. You claw the wight, but do no damage.
The wight is almost destroyed.
The wight hits you with a +1 hand axe.
You feel drained. The wight barely misses you.
You hit the wight but do no damage.
The wight is almost destroyed.
You closely miss the wight. You claw the wight.
You destroy the wight!
The wight hits you with a +1 hand axe!
* * * LOW HITPOINT WARNING * * *
You feel drained.
* * * LOW HITPOINT WARNING * * *
You closely miss the wight. You claw the wight, but do no damage.
The wight hits you with a +1 hand axe.
* * * LOW HITPOINT WARNING * * *
You feel drained.
* * * LOW HITPOINT WARNING * * *
You barely miss the wight. Your kick misses the wight.
The wight closely misses you.
You hit the wight but do no damage. Your kick misses the wight.
The wight hits you with a +1 hand axe.
* * * LOW HITPOINT WARNING * * *
Really quaff the potion of lignification?
Your horns disappear.
Your talons disappear.
You turn into a tree.
Your +0 cloak melds into your body.
Your +2 robe of willpower melds into your body.
You feel less strong-willed.
Your roots penetrate the ground.
The wight hits you but does no damage.
You barely miss the wight. The wight hits you but does no damage.
You hit the wight but do no damage. You punch the wight, but do no damage.
The wight hits you with a +1 hand axe!
You die...

............⌠
...[...........
........⌠.>.⌠.
............ ..
##........⌠. .
...#..... ...##..
.......)# .......
.......)##)......
.......z♣......#
.............#.#
.............#
..#..........# #
###..#.......
#...#........
#..............
...............


You could see a wight.

Vanquished Creatures
  A black bear (D:3)
  2 necrophages (D:4)
  3 wights (D:7)
  5 adders
  An ufetubus (D:4)
  3 worms
  7 orcs
  6 endoplasms
  5 giant cockroaches
  5 goblins
  7 hobgoblins
  6 jackals
  A quokka (D:1)
  3 ball pythons
  7 bats
  2 frilled lizards
  11 kobolds
  4 rats
79 creatures vanquished.

Notes
Turn   | Place    | Note
-------+----------+-------------------------------------------
     0 | D:1      | avis the Ogre Transmuter began the quest for the Orb.
     0 | D:1      | Reached XP level 1. HP: 19/19 MP: 3/3
   303 | D:1      | Reached skill level 3 in Unarmed Combat
   303 | D:1      | Reached XP level 2. HP: 23/28 MP: 5/5
   880 | D:1      | Reached XP level 3. HP: 34/35 MP: 5/7
   899 | D:1      | Learned a level 3 spell: Spider Form
  2107 | D:2      | Reached XP level 4. HP: 38/44 MP: 4/8
  2316 | D:2      | Found Ycuathri's Antique Armour Boutique.
  2424 | D:3      | Found a faded altar of an unknown god.
  3143 | D:3      | Reached skill level 4 in Unarmed Combat
  3180 | D:3      | Noticed a black bear
  3186 | D:3      | Killed a black bear
  3187 | D:3      | Reached skill level 1 in Throwing
  3187 | D:3      | Reached XP level 5. HP: 41/54 MP: 5/9
  3614 | D:3      | Found Gaxoipn's Assorted Antiques.
  3868 | D:3      | Learned a level 4 spell: Ice Form
  4020 | D:2      | Bought a glowing robe for 118 gold pieces
  4225 | D:4      | Reached XP level 6. HP: 51/62 MP: 3/10
  4422 | D:4      | Reached skill level 5 in Unarmed Combat
  5003 | D:5      | Entered Level 5 of the Dungeon
  5259 | D:5      | You fall into a shaft and drop 2 floors!
  5260 | D:7      | Found a staircase to the Ecumenical Temple.
  5280 | D:7      | Reached XP level 7. HP: 45/71 MP: 2/11
  5296 | D:7      | Slain by a wight

Illustrated notes

Levels and vault maps discovered:
D:1:      lightli_arrival_flooded_house, layout_loops_ring,
          corexii_item_surrounded_by_moat, minmay_pentomino_v2
D:2:      layout_loops_ring, serial_shops, shop
D:3:      layout_loops_corners, serial_shops, shop, nicolae_ecumenical_oubliette
D:4:      layout_cave_pods
D:5:      layout_rooms, grunt_decor_one_mirror
D:7:      layout_cave_pools, old_standard_altar, temple_fountains,
          uniq_prince_ribbit1

Skill      XL: |  1  2  3  4  5  6 |
---------------+-------------------+-----
Unarmed Combat | 3 4 5 |  5.5
Fighting       | 2 3 4 |  4.9
Spellcasting   | 3 |  3.0
Transmutations | 2 |  2.4
Throwing       | 1 2 |  2.0
Dodging        | |  1.7

Action                   |  1- 3 |  4- 6 |  7- 9 || total
-------------------------+-------+-------+-------++-------
Melee: Unarmed           |    97 |   109 |    15 ||   221
       Kick              |    19 |     1 |     6 ||    26
       Headbutt          |     5 |     4 |     1 ||    10
       Punch             |     1 |     2 |     2 ||     5
 Fire: Hunting sling     |       |     4 |       ||     4
 Cast: Beastly Appendage |    20 |    12 |       ||    32
       Spider Form       |     2 |    23 |       ||    25
  Use: Potion            |       |       |     1 ||     1
Armor: Robe              |    29 |     5 |       ||    34
       Skin              |       |     6 |     2 ||     8
Dodge: Dodged            |    46 |    67 |     7 ||   120

Table legend: (Time is in decaauts)
 A = Elapsed time spent in this place.
 B = Non-inter-level travel time spent in this place.
 C = Inter-level travel time spent in this place.
 D = Time resting spent in this place.
 E = Time spent auto-exploring this place.
 F = Levels seen in this place.
 G = Mean time per level.
                   A        B        C        D        E       F      G
               +--------+--------+--------+--------+--------+-----+--------+
         Total |   5292 |   4723 |    569 |   1126 |   2549 |   6 |  882.0 |
       Dungeon |   5292 |   4723 |    569 |   1126 |   2549 |   6 |  882.0 |
               +--------+--------+--------+--------+--------+-----+--------+

Top non-repeatable levels by time:
     D:1: 1378 daAuts
     D:2: 1342 daAuts
     D:3: 1320 daAuts
     D:4: 1138 daAuts
     D:5: 77 daAuts
     D:7: 34 daAuts
